 Dungeon Crawl Stone Soup version 0.24-a0-115-gd155597 (webtiles) character file.

Game seed: 10808373709377158607

0 mhoghedin the Caller (level 1, -2/10 HPs)
             Began as a Kobold Summoner on Feb 18, 2019.
             Slain by a hobgoblin (5 damage)
             ... on level 1 of the Dungeon.
             The game lasted 00:00:38 (68 turns).

mhoghedin the Caller (Kobold Summoner)                Turns: 68, Time: 00:00:39

Health: -2/10      AC:  2    Str:  5    XL:     1   Next: 11%
Magic:  2/3        EV: 15    Int: 16    God:
Gold:   9          SH:  0    Dex: 15    Spells: 3/4 levels left

rFire    . . .     SeeInvis .   (weapon restricted)
rCold    . . .     Gourm    .   (shield restricted)
rNeg     . . .     Faith    .   a - +0 robe
rPois    .         Spirit   .   (no helmet)
rElec    .         Reflect  .   (no cloak)
rCorr    .         Harm     .   (no gloves)
MR       .....                  (no boots)
Stlth    ++........             (no amulet)
HPRegen  0.03/turn              (no ring)
MPRegen  0.08/turn              (no ring)

@: no status effects
A: small, carnivore
a: no special abilities


You were on level 1 of the Dungeon.
You were not hungry.

You visited 1 branch of the dungeon, and saw 1 of its levels.

You collected 9 gold pieces.

Inventory:

Armour
 a - a +0 robe (worn)
Comestibles
 c - a ration


   Skills:
 + Level 0.2 Fighting
 - Level 2.4 Dodging
 - Level 2.6 Stealth
 - Level 2.1 Spellcasting
 - Level 4.0 Summonings


You had 3 spell levels left.
You knew the following spells:

 Your Spells              Type           Power        Failure   Level  Hunger
a - Summon Small Mammal   Summ           ##..         4%          1    #......

Your spell library contained the following spells:

 Spells                   Type           Power        Failure   Level  Hunger
 Call Imp                 Summ           ##......     6%          2    ###....
 Call Canine Familiar     Summ           ##......     12%         3    ###....
 Summon Guardian Golem    Hex/Summ       #.......     26%         3    ###....
 Summon Ice Beast         Ice/Summ       #.......     65%         4    #####..
 Summon Lightning Spire   Summ/Air       #.......     65%         4    #####..


Dungeon Overview and Level Annotations

Branches:
Dungeon (1/15)

Altars:


Innate Abilities, Weirdness & Mutations

You are small and have problems with some larger weapons.
You are carnivorous and can eat meat at any time.


Message History

Welcome, mhoghedin the Kobold Summoner.
Will you prevail where others failed? Will you find the Orb of Zot?
Found 24 stones and a robe.
Found a staircase leading out of the dungeon.
You see here 24 stones.
You now have 9 gold pieces.
There is a dry fountain here.
b - a scroll labeled UNWEXO ACUM As you open the door, it creaks loudly!
You hear a shout! x2
A hobgoblin comes into view.
A hobgoblin is nearby!
You now have 2/3 mp.
You swap places.
A hobgoblin and a kobold come into view.
The kobold shouts!
The hobgoblin shouts!
You hear a shout!
The kobold closely misses you.
There is an open door here.
What are your orders? t - Shout!
Orders for allies: a - Attack new target. r - Retreat! s - Stop attacking. g - Guard the area. f - Follow me.
Anything else - Cancel.
Okay, then.
Unknown command.
The kobold barely misses your rat.
Your rat bites the kobold.
The kobold closely misses your rat.
Your rat bites the kobold.
The kobold dies!
You now have 1/3 mp.
Your rat bites the hobgoblin.
You swap places.
The hobgoblin hits you.
There is an open door here.
You take 1 damage, and have 9/10 hp.
A goblin comes into view. It is wielding a +0 club.
A hobgoblin comes into view. It is wielding a +0 club.
The hobgoblin closely misses you.
Your rat barely misses the hobgoblin.
The hobgoblin completely misses you.
Your rat bites the hobgoblin but does no damage.
The hobgoblin closely misses you.
A goblin comes into view.
The goblin moves out of view.
Health restored: 10 The hobgoblin hits you.
You take 2 damage, and have 8/10 hp.
Your rat closely misses the hobgoblin.
Your rat barely misses the hobgoblin.
Your rat barely misses the hobgoblin.
Something hits your rat.
Your rat dies!
Your rat's corpse disappears in a puff of smoke!
The hobgoblin hits you.
You take 2 damage, and have 6/10 hp.
A leopard gecko comes into view.
MP restored: 3 A frilled lizard comes into view.
The hobgoblin hits you.
* * * LOW HITPOINT WARNING * * *
You take 4 damage, and have 2/10 hp.
MASSIVE DAMAGE!!
As you read the scroll labeled UNWEXO ACUM, it crumbles to dust.
It is a scroll of identify.
You don't have any unidentified items.
The hobgoblin misses you.
Your rat disappears in a puff of smoke!
The hobgoblin completely misses you.
The hobgoblin hits you but does no damage.
The frilled lizard bites you but does no damage.
The goblin barely misses you.
You now have 2/3 mp.
The leopard gecko hisses angrily.
The hobgoblin closely misses you.
Your quokka closely misses the frilled lizard.
Your quokka misses the frilled lizard.
A bat comes into view.
Your quokka closely misses the frilled lizard.
The bat barely misses you.
Your quokka barely misses the frilled lizard.
The bat completely misses you. The bat barely misses you.
The bat hits you but does no damage. The bat misses you.
The bat hits you but does no damage. The bat misses you.
Your quokka barely misses the frilled lizard.
The bat misses you.
MP restored: 3 The bat closely misses you.
The bat closely misses you.
Your quokka closely misses the frilled lizard.
The hobgoblin hits you.
Ouch! That really hurt!
You die...

......##......⌠...⌠......#
......###...............##
........####.........###
........######## ###
...............######
....................#
....................#
......(........l....#
.............lgg@.b.#
...........r...g.r..#
....................#
...)....###.........#
........# #.........#
######### ###########


You could see a leopard gecko, 2 hobgoblins, a goblin, a bat, a frilled lizard
and 2 friendly quokkas.

Vanquished Creatures (collateral kills)
  A kobold (D:1)
1 creature vanquished.

Notes
Turn   | Place    | Note
-------+----------+-------------------------------------------
     0 | D:1      | mhoghedin the Kobold Summoner began the quest for the Orb.
     0 | D:1      | Reached XP level 1. HP: 10/10 MP: 3/3
    46 | D:1      | HP: 2/10 [hobgoblin (4)]
    68 | D:1      | Slain by a hobgoblin

Levels and vault maps discovered:
D:1:      dpeg_arrival_stone_temple_mockup, layout_basic

Action                   || total
-------------------------++-------
 Cast: Summon Small Mamm ||     4
  Use: Scroll            ||     1
Armor: Robe              ||     4
Dodge: Dodged            ||    16

Table legend:
 A = Non-vault XP
 B = Vault XP
 C = Vault XP percentage of total XP
 D = Non-vault monster count
 E = Vault monster count
 F = Vault count percentage of total count
                 A         B        C        D         E       F
            +---------+---------+-------+---------+---------+-------
      Total |       1 |       0 |   0.0 |       1 |       0 |   0.0
            +---------+---------+-------+---------+---------+-------
        D:1 |       1 |       0 |   0.0 |       1 |       0 |   0.0
            +---------+---------+-------+---------+---------+-------

Levels and vault maps discovered:
D:1:      dpeg_arrival_stone_temple_mockup, layout_basic

Table legend:
 A = Turns spent in this place as a percentage of turns spent in the entire game.
 B = Non-inter-level travel turns spent in this place as a percentage of non-inter-level travel turns spent in the entire game.
 C = Inter-level travel turns spent in this place as a percentage of turns spent in this place.
 D = Turns resting spent in this place as a percentage of non-inter-level travel turns spent in this place.
 E = Turns spent auto-exploring this place as a percentage of non-inter-level travel turns spent in this place.
 F = Non-inter-level travel turns spent in this place divided by the number of levels of this place that you've seen.
                   A       B       C       D       E      F
               +-------+-------+-------+-------+-------+----------------------
         Total | 100.0 | 100.0 |   0.0 |   0.0 |  27.9 |  68.0
       Dungeon | 100.0 | 100.0 |   0.0 |   0.0 |  27.9 |  68.0
               +-------+-------+-------+-------+-------+----------------------

Table legend:
 A = Kills in this place as a percentage of kills in entire the game.
 B = Kills by you in this place as a percentage of kills by you in the entire game.
 C = Kills by friends in this place as a percentage of kills by friends in the entire game.
 D = Other kills in this place as a percentage of other kills in the entire game.
 E = Experience gained in this place as a percentage of experience gained in the entire game.
 F = Experience gained in this place divided by the number of levels of this place that you have seen.
                   A       B       C       D       E      F
               +-------+-------+-------+-------+-------+----------------------
         Total | 100.0 |   N/A | 100.0 |   N/A | 100.0 |   1.0
       Dungeon | 100.0 |   N/A | 100.0 |   N/A | 100.0 |   1.0
               +-------+-------+-------+-------+-------+----------------------
